 Dungeon Crawl Stone Soup version 0.25-a0-815-gab441bd002 (webtiles) character file.

Game seed: 13598987940225219682, levelgen mode: deterministic

174 Maedhros the Charlatan (level 5, 0/33 HPs)
             Began as an Octopode Artificer on Apr 19, 2020.
             Succumbed to a worker ant's poison
             ... on level 4 of the Dungeon on Apr 20, 2020.
             The game lasted 00:03:47 (1388 turns).

Maedhros the Charlatan (Octopode Artificer)         Turns: 1388, Time: 00:03:47

Health: 0/33       AC:  1    Str: 11    XL:     5   Next: 54%
Magic:  7/8        EV: 13    Int: 13    God:
Gold:   87         SH:  0    Dex: 14    Spells: 4/4 levels left

rFire    + . .     SeeInvis .   a - +0 short sword
rCold    + . .     Gourm    .   (no shield)
rNeg     . . .     Faith    .   (helmet restricted)
rPois    +         Spirit   .   o - amulet of rage
rElec    +         Reflect  .   g - ring of fire
rCorr    +         Harm     .   t - ring of ice
MR       .....                  (no ring)
Stlth    +++.......             (no ring)
HPRegen  0.11/turn              (no ring)
MPRegen  0.11/turn              (no ring)
                                (no ring)
                                (no ring)

@: lethally poisoned (0 -> -4), resistant, berserk cooldown, flying, slowed,
very slow
A: almost no armour, stealthy swim, amphibious, 8 rings, constrict 8, camouflage
1, gelatinous body 1
a: Evoke Berserk Rage


You were on level 4 of the Dungeon.
You were hungry.

You visited 1 branch of the dungeon, and saw 4 of its levels.

You collected 87 gold pieces.

Inventory:

Hand Weapons
 a - a +0 short sword (weapon)
Missiles
 r - 7 poisoned darts (quivered)
Jewellery
 g - a ring of fire (left tentacle)
 o - an amulet of rage (around mantle)
 t - a ring of ice (right tentacle)
Wands
 b - a wand of flame (13)
 c - a wand of enslavement (10)
 d - a wand of random effects (15)
 p - a wand of acid (7)
Scrolls
 e - 3 scrolls of remove curse
 i - a scroll of enchant weapon {unknown}
 m - a scroll of fear {unknown}
 s - a scroll of teleportation {unknown}
 u - a scroll of magic mapping {unknown}
Potions
 j - a potion of resistance
 k - 2 potions of stabbing
Comestibles
 f - 8 rations


   Skills:
 - Level 1.0 Fighting
 - Level 1.0 Short Blades
 - Level 2.0 Dodging
 + Level 3.8 Stealth
 * Level 3.5 Unarmed Combat
 + Level 4.3 Evocations


You had 4 spell levels left.
You didn't know any spells.
Your spell library was empty.

Dungeon Overview and Level Annotations

Branches:
Dungeon (4/15)
 Temple: D:4-7

Altars:
Ashenzari
Uskayaw
Yredelemnul


Innate Abilities, Weirdness & Mutations

You cannot wear most types of armour.
You are very stealthy in the water. (Stealth+)
You are amphibious.
You can wear up to eight rings at the same time.
You can use your tentacles to constrict eight enemies at once.
Your skin changes colour to match your surroundings (Stealth+).
Your rubbery body absorbs attacks. (AC +1, EV +1)


Message History

The bolt of acid hits the jackal!!
The jackal is splashed with acid.
The acid corrodes the jackal!
You kill the jackal!
* * * LOW HITPOINT WARNING * * *
You feel sick. The ooze closely misses you.
Evoke which item? (* to show all) (? for menu, Esc to quit)
Aiming: Enslavement
Press: ? - help, Shift-Dir - straight line, f - ooze
Aim: an ooze (chance to defeat MR: 59%)
The ooze is charmed.
Unknown command.
* * * LOW HITPOINT WARNING * * *
You feel sick.
Things that are here:
a worker ant corpse; a jackal corpse
* * * LOW HITPOINT WARNING * * *
You feel sick.
A hound comes into view.
You hear the slow rusting of a distant drain.
You die...

.......+ #....h.#
......# ..... ...
#.######
.###########......#
.......†..J.......#
.###...)†###@<....#
#.....# #......#
#.....###......#
.......##....<..#
...#######.......#
.... ............#
... #.........####
#.........#
#....#.....


You could see a hound (wandering) and a friendly ooze.

Vanquished Creatures
  An ogre (D:4)
  A worker ant (D:4)
  An adder (D:2)
  A leopard gecko (D:4)
  6 bats
  A bat skeleton (D:2)
  A giant cockroach (D:1)
  5 goblins
  4 hobgoblins
  8 jackals
  A ball python (D:2)
  2 frilled lizards
  A giant cockroach zombie (D:2)
  6 kobolds
  9 rats
48 creatures vanquished.

Vanquished Creatures (collateral kills)
  A jackal (D:2)
  A bat (D:2)
2 creatures vanquished.

Vanquished Creatures (others)
  An adder (D:4)
  A rat (D:1)
2 creatures vanquished.

Grand Total: 52 creatures vanquished

Notes
Turn   | Place    | Note
-------+----------+-------------------------------------------
     0 | D:1      | Maedhros the Octopode Artificer began the quest for the
                  | Orb.
     0 | D:1      | Reached XP level 1. HP: 13/13 MP: 3/3
   346 | D:1      | Reached skill level 1 in Unarmed Combat
   346 | D:1      | Reached XP level 2. HP: 17/18 MP: 4/4
   544 | D:1      | Found a basalt altar of Yredelemnul.
   917 | D:1      | Reached XP level 3. HP: 23/23 MP: 5/5
  1035 | D:2      | Found a shattered altar of Ashenzari.
  1161 | D:2      | Upgraded the game from 0.25-a0-803-g58bd18402a to
                  | 0.25-a0-815-gab441bd002
  1268 | D:2      | Noticed a +0 dagger
  1269 | D:2      | Noticed a +0 hand axe
  1270 | D:2      | Found a hide-covered altar of Uskayaw.
  1371 | D:4      | Reached XP level 4. HP: 28/28 MP: 6/6
  1374 | D:4      | Noticed an ogre
  1381 | D:4      | Killed an ogre
  1381 | D:4      | Reached skill level 4 in Evocations
  1381 | D:4      | Reached XP level 5. HP: 17/33 MP: 6/8
  1387 | D:4      | HP: 1/33 [poisoned by a worker ant]
  1388 | D:4      | Succumbed to a worker ant's poison

Levels and vault maps discovered:
D:1:      nicolae_arrival_memento_mori, layout_basic, kennysheep_flooded_box
D:2:      layout_loops_ring, nicolae_ashenzari_panopticon,
          kennysheep_slug_shrine, dancing_weapons_uskayaw, serial_undead,
          serial_undead_c, serial_undead_f, serial_undead_a, serial_undead_a
D:3:      layout_basic, kennysheep_vampire_church
D:4:      layout_basic, lemuel_coloured_pillars_altar,
          nicolae_overflow_hidden_temple, portal_sewer_entry_c

Skill      XL: |  1  2  3  4 |
---------------+-------------+-----
Unarmed Combat | 1 2 3 |  3.5
Stealth        | 2 3 |  3.8
Evocations     | 4 |  4.3
Fighting       | |  1.0
Short Blades   | |  1.0
Dodging        | |  2.0

Action                   |  1- 3 |  4- 6 || total
-------------------------+-------+-------++-------
Melee: Short sword       |    79 |     4 ||    83
       Constrict         |    20 |       ||    20
       Tentacles         |    12 |     1 ||    13
Throw: Dart              |     4 |       ||     4
Evoke: Wand              |     4 |     5 ||     9
  Use: Scroll            |     3 |       ||     3
       Potion            |     2 |     2 ||     4
 Stab: Sleeping          |    11 |       ||    11
  Eat: Chunk             |     1 |       ||     1
Armor: Skin              |     6 |     2 ||     8
Dodge: Dodged            |    60 |     6 ||    66

Table legend:
 A = Non-vault XP
 B = Vault XP
 C = Vault XP percentage of total XP
 D = Non-vault monster count
 E = Vault monster count
 F = Vault count percentage of total count
                 A         B        C        D         E       F
            +---------+---------+-------+---------+---------+-------
      Total |     246 |       3 |   1.2 |      48 |       2 |   4.0
            +---------+---------+-------+---------+---------+-------
        D:1 |      35 |       0 |   0.0 |      21 |       0 |   0.0
        D:2 |      37 |       3 |   7.5 |      17 |       2 |  10.5
        D:3 |       3 |       0 |   0.0 |       2 |       0 |   0.0
        D:4 |     171 |       0 |   0.0 |       8 |       0 |   0.0
            +---------+---------+-------+---------+---------+-------
